 Dungeon Crawl Stone Soup version 0.19.4 (webtiles) character file.

125 Naow the Magician (level 4, -4/24 HPs)
             Began as a Deep Elf Fire Elementalist on Feb 4, 2017.
             Killed from afar by an orc wizard (10 damage)
             ... with a puff of flame
             ... on level 3 of the Dungeon.
             The game lasted 00:03:31 (1962 turns).

Naow the Magician (Deep Elf Fire Elementalist)      Turns: 1962, Time: 00:03:31

Health: -4/24      AC:  2    Str:  5    XL:     4   Next: 82%
Magic:  0/12       EV: 13    Int: 25    God:
Gold:   104        SH:  0    Dex: 15    Spells: 4 memorised, 2 levels left

rFire  . . .     SeeInvis .     (no weapon)
rCold  . . .     Gourm    .     a - +0 robe
rNeg   . . .     Faith    .     (no shield)
rPois  .         Spirit   .     (no helmet)
rElec  .         Reflect  .     (no cloak)
rCorr  .         Harm     .     (no gloves)
MR     .....                    (no boots)
Stlth  ++........               (no amulet)
                                (no ring)
                                (no ring)

@: very slightly contaminated, invisible
A: clever 2, wild magic 1
a: no special abilities


You were on level 3 of the Dungeon.
You were not hungry.

You visited 1 branch of the dungeon, and saw 3 of its levels.

You collected 104 gold pieces.

Inventory:

Armour
 a - a +0 robe (worn)
Scrolls
 d - a scroll of enchant armour {unknown}
 f - a scroll of recharging {unknown}
 h - 3 scrolls of amnesia {unknown}
 k - 2 scrolls of identify {unknown}
 m - a scroll of remove curse {unknown}
 n - a scroll of teleportation {unknown}
 o - a scroll of random uselessness {unknown}
Potions
 l - a potion of brilliance {unknown}
Books
 b - a book of Flames

   Spells                             Type                      Level
   a - Flame Tongue                   Conjuration/Fire             1
   b - Throw Flame                    Conjuration/Fire             2
   c - Conjure Flame                  Conjuration/Fire             3
   d - Inner Flame                    Hexes/Fire                   3
   e - Sticky Flame                   Conjuration/Fire             4
   f - Fireball                       Conjuration/Fire             5
Comestibles
 c - 4 bread rations
 g - a royal jelly
 p - 3 chunks of flesh


   Skills:
 - Level 2.4 Dodging
 - Level 2.4 Stealth
 + Level 4.6 Spellcasting
 + Level 3.0 Conjurations
 + Level 4.4 Fire Magic


You had 2 spell levels left.
You knew the following spells:

 Your Spells              Type           Power        Failure   Level  Hunger
a - Flame Tongue          Conj/Fire      ####.        3%          1    None
b - Throw Flame           Conj/Fire      ####..       6%          2    None
c - Conjure Flame         Conj/Fire      ####....     12%         3    ##.....
d - Sticky Flame          Conj/Fire      ####....     28%         4    ####...


Dungeon Overview and Level Annotations

Branches:
Dungeon (3/15)

Altars:
Hepliaklqana
Makhleb


Innate Abilities, Weirdness & Mutations

Your mind is very acute. (Int +4)
Your spells are a little harder to cast, but a little more powerful.


Message History

The flame tongue hits something.
Something hits you.
Casting: Flame Tongue
Confirm with . or Enter, or press ? or * to list all spells.
Aiming: Flame Tongue
Press: ? - help, Shift-Dir - straight line The flame tongue hits something.
Something hits you but does no damage.
You hit something but do no damage. Something hits you.
* * * LOW HITPOINT WARNING * * *
It was a potion of cancellation.
You feel magically purged. Something hits you but does no damage.
It was a potion of invisibility.
You fade into invisibility!
Something barely misses you.
You are very lightly contaminated with residual magic.
It was a potion of mutation.
You feel extremely strange.
You feel less in control of your magic.
You feel clever. x2
You hear some strange, mumbled words.
A puff of flame appears from out of thin air!
The puff of flame hits you!
You die...

..........+ ....'
..........# .....#
...........#......#
...(...8...#......#
...#..8.8..##.....#
.....8._.8.......#
......8†8..?†....#
.......8†........##
........@...).)..##.#
....†..######....##.###+#
.......#.........##......
.......#.................
.#######.....###.........
......##.....# #........#
.............# #........<
............# #........#
..#........# #........#


There were no monsters in sight!

Vanquished Creatures
  A hound (D:2)
  3 adders (D:2)
  An ooze (D:1)
  3 worms
  A dart slug (D:3)
  3 orcs (D:3)
  7 bats
  A giant cockroach (D:1)
  7 hobgoblins
  2 jackals (D:2)
  2 quokkas
  A ball python (D:3)
  2 frilled lizards (D:1)
  6 goblins
  6 kobolds
  4 rats
50 creatures vanquished.

Notes
Turn   | Place    | Note
-------+----------+-------------------------------------------
     0 | D:1      | Naow the Deep Elf Fire Elementalist began the quest for the Orb.
     0 | D:1      | Reached XP level 1. HP: 10/10 MP: 6/6
   137 | D:1      | Reached XP level 2. HP: 13/15 MP: 0/8
   141 | D:1      | Learned a level 2 spell: Throw Flame
   926 | D:2      | Reached XP level 3. HP: 19/19 MP: 7/10
  1138 | D:2      | Found a burning altar of Makhleb.
  1148 | D:2      | Reached XP level 4. HP: 9/24 MP: 0/12
  1153 | D:2      | Learned a level 3 spell: Conjure Flame
  1158 | D:2      | Learned a level 4 spell: Sticky Flame
  1895 | D:3      | Found a hazy altar of Hepliaklqana.
  1925 | D:3      | Found a faded altar of an unknown god.
  1962 | D:3      | Gained mutation: Your spells are a little harder to cast, but a little more powerful. [potion of mutation]
  1962 | D:3      | Gained mutation: Your mind is acute. (Int +2) [potion of mutation]
  1962 | D:3      | Gained mutation: Your mind is very acute. (Int +4) [potion of mutation]
  1962 | D:3      | Killed from afar by an orc wizard

Skill      XL: |  1  2  3  4 |
---------------+-------------+-----
Conjurations   | 2 3 |  3.0
Spellcasting   | 4 |  4.6
Fire Magic     | 4 |  4.4
Dodging        | |  2.4
Stealth        | |  2.4

Action                   |  1- 3 |  4- 6 || total
-------------------------+-------+-------++-------
Melee: Unarmed           |     5 |     1 ||     6
 Cast: Flame Tongue      |    48 |    45 ||    93
       Throw Flame       |     2 |     2 ||     4
  Use: Potion            |       |     3 ||     3
  Eat: Chunk             |     1 |     2 ||     3
Armor: Robe              |     4 |     4 ||     8
Dodge: Dodged            |    25 |    11 ||    36
